Map: 공허의 출격

Players

테라진

  • Race: Protoss Protoss
  • Spawn Location: 6:00

광물

  • Race: Terran Terran
  • Spawn Location: 6:00

VOD

Have the link to the VOD?

Description

Time

  • Played on: Aug. 19, 2017, 2:43 a.m.
  • Length: 25:16
Show
View Real Time Build Order
Export as new Build Order

테라진 Protoss 

Build Orders:  

Get SALT Encoding   

  12  0:02  Probe (Chrono Boost)  
  13  0:16  Probe (Chrono Boost)  
  14  0:28  Pylon  
  14  0:30  Probe (Chrono Boost)  
  15  0:53  Probe (Chrono Boost)  
  16  1:06  Probe (Chrono Boost)  
  17  1:19  Pylon  
  17  1:20  Probe (Chrono Boost)  
  18  1:34  Probe (Chrono Boost)  
  19  1:48  Probe (Chrono Boost)  
  20  1:57  Nexus  
  20  2:06  Probe (Chrono Boost)  
  21  2:15  Assimilator  
  21  2:19  Assimilator  
  21  2:20  Probe (Chrono Boost)  
  22  2:34  Probe (Chrono Boost)  
  22  2:38  Gateway  
  23  2:48  Probe (Chrono Boost)  
  24  2:56  Pylon  
  24  3:02  Probe (Chrono Boost)  
  25  3:16  Probe (Chrono Boost)  
  25  3:19  Pylon  
  26  3:29  Probe (Chrono Boost)  
  26  3:37  Probe (Chrono Boost)  
  28  3:43  Probe (Chrono Boost)  
  28  3:44  Cybernetics Core  
  29  3:51  Probe (Chrono Boost)  
  29  3:57  Probe (Chrono Boost)  
  31  4:03  Pylon  
  31  4:05  Probe (Chrono Boost)  
  32  4:11  Probe (Chrono Boost)  
  32  4:13  Assimilator  
  32  4:17  Assimilator  
  32  4:19  Probe (Chrono Boost)  
  33  4:25  Probe (Chrono Boost)  
  35  4:33  Probe (Chrono Boost)  
  35  4:36  Death Council  
  35  4:37  Warp Gate  
  36  5:04  Gateway  
  36  5:32  Pylon  
  36  5:34  Probe (Chrono Boost)  
  36  5:35  Ascendant Archives  
  37  5:47  Forge  
  37  5:48  Probe (Chrono Boost)  
  38  6:02  Probe (Chrono Boost)  
  38  6:08  Gateway, Probe (Chrono Boost)  
  40  6:10  Gateway  
  40  6:16  Probe (Chrono Boost)  
  40  6:18  Nexus  
  41  6:20  Pylon  
  41  6:22  Probe (Chrono Boost)  
  41  6:24  Power Overwhelming (Chrono Boost)  
  41  6:28  Probe (Chrono Boost)  
  42  6:36  Gateway  
  43  6:41  Probe  
  44  6:50  Gateway  
  44  6:55  Probe  
  45  7:14  Gateway  
  45  7:15  Gateway  
  45  7:17  Imposing Presence  
  45  7:23  Pylon  
  45  7:35  Pylon  
  45  7:50  Mind Blast (Chrono Boost)  
  45  8:02  Probe  
  45  8:08  Cloaking Module  
  45  8:09  Probe  
  47  8:26  Probe  
  48  8:34  Nexus  
  48  8:36  Chaotic Attunement  
  48  8:37  Ascendant  
  48  8:38  Ascendant x3  
  56  8:40  Supplicant x2, Pylon x2  
  56  8:47  Supplicant x2  
  64  8:50  Ascendant  
  64  8:53  Ascendant  
  68  9:03  Ascendant  
  68  9:05  Mothership  
  68  9:06  Ascendant  
  72  9:23  Supplicant x4  
  72  9:28  Ascendant  
  72  9:47  Ascendant  
  72  9:49  Ascendant  
  76  10:00  Pylon  
  74  10:11  Ascendant  
  74  10:13  Supplicant x6  
  74  10:14  Supplicant x2  
  84  10:21  Pylon  
  84  10:51  Protoss Shields Level 1  
  84  10:55  Ascendant  
  84  10:57  Supplicant x4  
  84  10:58  Supplicant x8  
  98  11:15  Supplicant x2  
  98  11:16  Supplicant x2  
  90  11:40  Supplicant x6  
  90  11:41  Supplicant x2  
  96  12:16  Supplicant x6  
  96  12:17  Supplicant x2  
  96  12:18  Ascendant x3  
  96  12:19  Ascendant  
  82  13:25  Supplicant x2  
  82  13:26  Supplicant x6  
  82  13:27  Supplicant x6  
  90  14:11  Ascendant x3  
  90  14:13  Supplicant x2  
  90  14:14  Supplicant x4  
  86  14:44  Ascendant x3  
  86  14:46  Supplicant x2  
  86  14:47  Supplicant x2  
  100  14:53  Supplicant x2  
  100  14:57  Protoss Shields Level 2  
  100  14:59  Detect Weakness  
  98  15:00  Mothership  
  98  15:01  Supplicant x4  
  98  15:09  Supplicant x4  
  114  15:14  Havoc  
  93  15:53  Havoc  
  93  15:54  Havoc x2  
  92  16:04  Supplicant x4  
  92  16:05  Supplicant x6  
  112  16:29  Bloodshard Resonance  
  92  17:03  Supplicant x6  
  92  17:04  Supplicant x4  
  104  17:19  Supplicant x6  
  110  17:26  Supplicant x8  
  110  17:51  Supplicant x4  
  110  17:52  Supplicant x4  
  100  18:30  Supplicant x2  
  100  18:31  Supplicant x10  
  107  19:09  Supplicant x6  
  117  19:10  Supplicant x2  
  110  19:38  Supplicant x2  
  110  19:39  Supplicant x6  
  124  19:40  Supplicant x2  
  124  19:42  Havoc x2  
  124  19:47  Supplicant x2  
  126  20:02  Mothership  
  116  20:13  Pylon  
  116  20:17  Supplicant x2  
  116  20:18  Supplicant x4  
  102  21:08  Pylon  
  92  21:14  Supplicant x8  
  92  21:15  Supplicant x2  
  112  21:34  Supplicant x10  
  110  22:11  Supplicant x2  
  110  22:12  Supplicant x4  
  110  22:13  Supplicant x2  
  108  22:36  Supplicant x6  
  120  22:40  Pylon  
  116  23:01  Pylon  
  92  23:55  Supplicant x2  
  91  24:24  Supplicant x2  
  91  24:25  Supplicant x6  
  91  24:31  Supplicant x2  
  91  24:32  Supplicant x2  
  91  24:43  Supplicant x8  
Show
View Real Time Build Order
Export as new Build Order

광물 Terran 

Build Orders:  

Get SALT Encoding   

Tags
 
Add a new tag
Caveats
  • Supply blocks, unpowered buildings, or Contaminate may cause inaccurate times.
  • Supply counts are checked every 10 seconds.